 Dungeon Crawl Stone Soup version 0.19-a0-559-ga3d69d0 (webtiles) character file.

643806 mistymad the Imperceptible (level 27, -35/207 HPs)
             Began as a Vampire Enchanter on June 7, 2016.
             Was the Champion of Ashenzari.
             Annihilated by an Orb Guardian (38 damage)
             ... on level 5 of the Realm of Zot on June 8, 2016.
             The game lasted 07:28:40 (93477 turns).

mistymad the Imperceptible (Vampire Enchanter)     Turns: 93477, Time: 07:28:40

Health: -35/207    AC: 17    Str:  4 (5)  XL:     27
Magic:  33/33      EV: 35    Int: 20      God:    Ashenzari [******]
Gold:   2163       SH: 19    Dex: 25 (26) Spells: 17 memorised, 3 levels left

rFire  + + +     SeeInvis +     l - +9 quick blade (elec) (curse)
rCold  + + .     Gourm    .     U - +2 robe {rC+ rF+} (curse)
rNeg   + + .     Faith    .     j - +2 buckler {rF+} (curse)
rPois  +         Spirit   .     L - +2 helmet {Int+3} (curse)
rElec  .         Dismiss  .     m - +2 cloak {MR+} (curse)
rCorr  .         Reflect  +     P - +1 pair of gloves (curse)
SustAt .         Harm     .     o - +0 pair of boots of Disappointment {MR+} (curse)
MR     ++++.     Clarity  +     D - brooch of Shielding {Reflect SH+8} (curse)
Stlth  ++++......               C - ring of protection from fire (curse)
                                t - +5 ring of protection (curse)

@: about to teleport, very slightly contaminated, regenerating, incredibly
resistant to hostile enchantments, stealthy
A: fangs 3, see invisible, deformed body, deterioration 1, dopey 1, frail 1, low
mp 2, weak 1, unbreathing, no device heal 1, subdued magic 1
a: Bat Form, Curse Item, Scrying, Transfer Knowledge, Renounce Religion
0: Orb of Zot
}: 3/15 runes: barnacled, silver, gossamer


You were on level 5 of the Realm of Zot.
You worshipped Ashenzari.
Ashenzari was exalted by your worship.
You were very thirsty.

You visited 10 branches of the dungeon, and saw 52 of its levels.

You collected 7412 gold pieces.
You spent 5249 gold pieces at shops.

Inventory:

Hand Weapons
 l - a cursed +9 quick blade of electrocution (weapon)
Missiles
 n - 16 throwing nets (quivered)
Armour
 j - a cursed +2 buckler of fire resistance (worn)
 m - a cursed +2 cloak of magic resistance (worn)
 o - the cursed +0 pair of boots of Disappointment (worn) {MR+}
   (You found it on level 5 of the Vaults)

   It affects your resistance to hostile enchantments.
   It has a curse placed upon it.
 L - a cursed +2 helmet of intelligence (worn)
 P - a cursed +1 pair of gloves (worn)
 U - a cursed +2 robe of resistance (worn)
Jewellery
 a - an uncursed ring of resist corrosion
 b - an uncursed ring of ice
 t - a cursed +5 ring of protection (left hand)
 C - a cursed ring of protection from fire (right hand)
 D - the cursed brooch of Shielding (around neck) {Reflect SH+8}
   (You bought it in a shop on level 1 of the Vaults)

   [amulet of reflection]

   It shields you and reflects attacks.
   It affects your SH (+8).
   It has a curse placed upon it.
Wands
 u - a wand of digging (10/24)
 A - a wand of heal wounds (0/9)
 F - a wand of paralysis (9/24)
Scrolls
 c - 2 scrolls of summoning
 e - 16 scrolls of remove curse
 f - 10 scrolls of teleportation
 h - 22 scrolls of identify
 i - 7 scrolls of blinking
 v - 5 scrolls of fog
 x - 10 scrolls of fear
 E - 2 scrolls of recharging
 N - 4 scrolls of silence
 W - 8 scrolls of enchant armour
 X - 6 scrolls of amnesia
Potions
 d - a potion of blood
 g - 19 potions of curing
 p - 5 potions of heal wounds
 q - 7 potions of brilliance
 r - 4 potions of beneficial mutation
 s - 2 potions of magic
 z - 5 potions of might
 B - 2 potions of agility
 H - 7 potions of cancellation
 J - 3 potions of mutation
 K - 12 potions of flight
 Q - 5 potions of ambrosia
 R - 4 potions of cure mutation
 V - 12 potions of haste
 Y - a potion of invisibility
Miscellaneous
 k - 2 phantom mirrors
 y - 3 boxes of beasts
 I - 2 sacks of spiders
 M - a lamp of fire
 T - a phial of floods


   Skills:
 * Level 21.8 Fighting
 - Level 14.0(18.0) Short Blades
 + Level 8.3 Throwing
 + Level 19.3(22.9) Dodging
 - Level 24.8(27) Stealth
 + Level 12.3(14.9) Shields
 - Level 15.1 Spellcasting
 - Level 20.6(24.1) Hexes
 - Level 11.8(16.0) Charms
 - Level 7.3(11.8) Summonings
 - Level 5.0(9.4) Necromancy
 - Level 6.3(10.8) Translocations
 - Level 7.9(12.4) Air Magic
 - Level 4.1(8.3) Poison Magic
 + Level 13.8(17.9) Evocations


You had 3 spell levels left.
You knew the following spells:

 Your Spells              Type           Power        Failure   Level  Hunger
a - Corona                Hex            ######.      0%          1    None
b - Ensorcelled Hibernat  Hex/Ice        #####.       1%          2    None
c - Confuse               Hex            ######..     0%          3    None
d - Tukima's Dance        Hex            ######..     0%          3    None
e - Dazzling Spray        Conj/Hex       #####.       1%          3    None
f - Repel Missiles        Chrm/Air       ######       0%          2    None
g - Cure Poison           Pois           #####.....   1%          2    None
h - Silence               Hex/Air        ######....   1%          5    ###....
i - Ozocubu's Armour      Chrm/Ice       #####...     1%          3    None
j - Invisibility          Hex            ######..     1%          6    #####..
k - Summon Lightning Spi  Summ/Air       #####...     1%          4    None
l - Darkness              Hex            ######....   1%          6    #####..
m - Regeneration          Chrm/Necr      ######....   1%          3    None
n - Blink                 Tloc           N/A          1%          2    None
o - Passage of Golubria   Tloc           N/A          1%          4    None
p - Shroud of Golubria    Chrm/Tloc      ######....   0%          2    None
q - Passwall              Tmut/Erth      ##........   4%          2    None


Dungeon Overview and Level Annotations

Branches:
Dungeon (15/15)            Temple (1/1) D:7            Lair (8/8) D:11
 Shoals (4/4) Lair:6       Spider (4/4) Lair:5        Slime (0/6) Lair:8
    Orc (2/2) D:11            Elf (3/3) Orc:2        Vaults (5/5) D:13
  Crypt (0/3) Vaults:2     Depths (5/5) D:15            Zot (5/5) Depths:5

Altars:
Ashenzari
Cheibriados
Dithmenos
Elyvilon
Fedhas
Gozag
Hepliaklqana
Kikubaaqudgha
Makhleb
Nemelex Xobeh
Okawaru
Pakellas
Qazlal
Ru
Sif Muna
Trog
Uskayaw
Vehumet
Xom
Yredelemnul
Zin
The Shining One
Jiyva

Shops:
D:5 *   D:8 :   D:14 [   Orc:2 !!(}   Elf:1 (   Elf:3 *:(   Shoals:1 [
Vaults:1 [:[:=   Vaults:3 *   Vaults:5 (%!!   Zot:4 *   Depths:1 *

Portals:
Hell: Depths:1 Depths:2 Depths:3 Depths:4 Depths:5
Abyss: Depths:1 Depths:3 Depths:4
Pandemonium: Orc:2 Depths:1 Depths:3
Ziggurat: Depths:1

Annotations:
D:11 exclusion: upstairs
Lair:2 exclusion: obsidian statue
Vaults:4 Mennas


Innate Abilities, Weirdness & Mutations

You heal slowly.
You have razor-sharp teeth.
You have supernaturally acute eyesight. (SInv)
You can survive without breathing.
Armour fits poorly on your strangely shaped body.
Your body sometimes deteriorates upon taking damage.
You are dopey. (Int -2)
You are frail. (-10% HP)
Your magical capacity is very low. (-20% MP)
You are weak. (Str -2)
Potions and wands are less effective at restoring your health.
Your spells are a little easier to cast, but a little less powerful.


Message History

The Orb Guardian completely misses you. The Orb Guardian hits you.
* * * LOW HITPOINT WARNING * * *
You regained 21 hp, and now have 46/207 hp.
Unknown command.
You feel much better. The Orb Guardian hits you!!
* * * LOW HITPOINT WARNING * * *
The Orb Guardian completely misses you. You block the Orb Guardian's attack.
The Orb Guardian hits you!!
* * * LOW HITPOINT WARNING * * *
Your body deteriorates!
You feel weakened. The Orb Guardian closely misses you.
The Orb Guardian hits you but does no damage.
You block the Orb Guardian's attack. x3
An Orb Guardian comes into view.
You take 41 damage, and have 5/207 hp.
You feel much better. You block the Orb Guardian's attack.
The Orb Guardian hits you!!
* * * LOW HITPOINT WARNING * * *
The Orb Guardian completely misses you. The Orb Guardian hits you!!!
You die...

***** ***** ,,..▓▓▓* ****,,,,
,,.....▓▓* ***,,,,,,, ,,.......▓▓
**,,,,,,,,, ..........▓ ▓▓▓▓▓▓▓▓▓
*,,,,,,,,,,
..........▓▓▓.......▓▓*,,,,,,,,,,
..........▓▓.........▓▓,,,,,,,,,,
..........▓....XX.....▓X,,,,,,,,,
....^.Xy...y.XXX@XX.....,,,,,,,,,
..........▓....XXX....▓.,,,,,,,,,
..........▓▓.........▓▓,,,,,,,,,,
..§.......▓▓▓.......▓▓*,,,,,,,,,,
..........# ▓▓▓▓▓▓▓▓▓ *,,,,,,,,,,
.........## **,,,,,,,,,
.......▓## ***,,,,,,, ^...▓▓▓▓
****,,,, ▓▓▓▓▓▓▓▓# *▓▓******


You could see 11 Orb Guardians and a moth of wrath.

Vanquished Creatures
  Mara (Vaults:5)
  3 ancient liches (Zot:5)
  A juggernaut (Depths:5)
  Sojobo (Depths:3)
  7 caustic shrikes (Depths:4)
  A caustic shrike (shapeshifter) (Depths:3)
  3 curse toes
  Saint Roka (Vaults:1)
  2 Killer Klowns
  10 golden dragons
  Nikola (Shoals:2)
  the Enchantress (Depths:1)
  Arachne (Spider:3)
  2 electric golems (Zot:5)
  4 liches
  9 Orb Guardians (Zot:5)
  18 tentacled monstrosities
  5 titans
  A quicksilver dragon (Vaults:5)
  3 deep elf blademasters
  Asterion (Vaults:1)
  A deep elf master archer (Elf:3)
  Polyphemus (Shoals:2)
  The ghost of tstbtto the Severer, an adept GrBe of Trog (Vaults:1)
  5 death cobs
  8 sphinxes
  14 shadow dragons
  Gastronok (Lair:2)
  2 thorn hunters (Depths:2)
  13 storm dragons
  Ilsuiw (Shoals:4)
  12 tengu reavers
  8 fire giants
  3 draconian monks
  8 draconian knights
  8 ghost moths
  5 iron dragons
  Maud (Lair:6)
  21 frost giants
  3 draconian scorchers
  Donald (Spider:1)
  9 deep elf sorcerers
  7 emperor scorpions
  The ghost of Geppetto the Cleaver, a journeyman FoAK of Lugonu (Orc:1)
  5 deep elf elementalists
  6 draconian shifters
  13 vault wardens
  A ghoul (Vaults:2)
  16 ironheart preservers
  3 draconian zealots
  4 war gargoyles
  17 stone giants
  5 spriggan defenders
  4 draconian annihilators
  4 draconian callers
  13 very ugly things
  2 vampire knights
  12 deep elf demonologists
  12 black draconians
  A lorocyproca (Depths:3)
  8 green draconians
  5 mottled draconians
  3 yellow draconians
  11 red draconians
  10 spark wasps
  16 deep elf annihilators
  4 white draconians
  10 purple draconians
  Snorg (Lair:5)
  9 merfolk javelineers
  A crystal guardian (Depths:3)
  A green death (Depths:1)
  12 ettins
  9 merfolk impalers
  14 deep elf death magi
  13 ogre magi
  7 great orbs of eyes
  14 fire dragons
  An ettin (shapeshifter) (Vaults:5)
  15 yaktaur captains
  9 deep elf high priests
  4 rakshasas
  20 ice dragons
  32 vault guards
  14 entropy weavers
  13 hydras
  Erica (D:11)
  4 alligator snapping turtles
  3 merfolk avatars
  11 spriggan air magi
  10 centaur warriors
  2 catoblepae
  5 merfolk aquamancers
  3 death knights
  An alligator (shapeshifter) (Elf:3)
  2 satyrs
  A satyr (shapeshifter) (Depths:3)
  15 dancing weapons
  21 death yaks
  11 deep troll shamans
  6 tengu warriors
  14 deep troll earth magi
  Urug (D:11)
  9 orc high priests
  A shock serpent (Depths:3)
  2 vampire magi (Vaults:2)
  3 spriggan berserkers
  3 sun demons
  24 deep elf knights
  2 shadow wraiths
  A fire crab (Vaults:2)
  A titan skeleton (Vaults:5)
  2 soul eaters (Orc:2)
  12 hell knights
  4 wizards
  A storm dragon skeleton (Vaults:5)
  4 skeletal warriors
  3 flayed ghosts
  A hill giant (shapeshifter) (Vaults:5)
  2 giant orange brains
  15 sea snakes
  2 shadow demons (Depths:5)
  4 unseen horrors
  26 deep trolls
  A gelid demonspawn (Orc:2)
  8 hill giants
  5 phantasmal warriors
  14 ironbrand convokers
  3 putrid demonspawn (Orc:2)
  An anubis guard (shapeshifter) (Vaults:5)
  Pikel (D:6)
  11 necromancers
  A sphinx zombie (Vaults:5)
  18 orc knights
  32 deep elf archers
  A harpy (shapeshifter) (Depths:4)
  81 deep elf magi
  16 orb spiders
  15 harpies
  39 ugly things
  34 wolf spiders
  A frost giant zombie (Vaults:5)
  13 griffons
  A manticore (shapeshifter) (Depths:3)
  A wolf spider zombie (D:13)
  A tengu skeleton (Vaults:5)
  2 oklob plants
  10 orc sorcerers
  7 hornets
  11 manticores
  9 fauns
  2 hornets (shapeshifter)
  2 moths of wrath (shapeshifter)
  2 stone giant skeletons
  15 elephants
  14 cyclopes
  Joseph (D:8)
  17 sirens
  3 black mambas
  27 moths of wrath
  A rust devil (Orc:2)
  2 human skeletons
  An orange demon (Depths:1)
  A water nymph (shapeshifter) (Vaults:4)
  15 vault sentinels
  2 torpor snails
  Maurice (Orc:2)
  A smoke demon (Orc:2)
  8 water nymphs
  3 molten gargoyles (Depths:2)
  12 spiny frogs
  A gargoyle (D:15)
  47 yaktaurs
  A yaktaur zombie (Vaults:3)
  A rime drake (Lair:5)
  3 kobold demonologists
  2 efreet
  10 demonic crawlers
  12 komodo dragons
  9 freezing wraiths
  3 tengu conjurers
  An ice devil (Orc:2)
  48 jumping spiders
  A wind drake (shapeshifter) (D:15)
  A hellwing (Depths:1)
  8 trolls
  38 merfolk
  2 trolls (shapeshifter)
  19 two-headed ogres
  2 polar bears
  3 wind drakes
  Prince Ribbit (D:8)
  23 blink frogs
  A slime creature (shapeshifter) (Vaults:4)
  12 snapping turtles
  10 boulder beetles
  33 slime creatures
  A hornet zombie (D:14)
  117 redbacks
  Sigmund (D:4)
  4 wraiths
  16 water elementals
  2 spriggans
  32 tarantellas
  A ynoxinul (Depths:1)
  5 air elementals
  A wyvern (D:13)
  A shadow (D:14)
  17 humans (D:13)
  58 yaks
  6 fire elementals
  4 basilisks
  18 vampire mosquitoes
  A yaktaur simulacrum (Vaults:2)
  15 hippogriffs
  A redback simulacrum (Vaults:1)
  3 soldier ants
  A mottled dragon (D:12)
  7 wargs
  2 soldier ants (shapeshifter)
  11 porcupines
  19 water moccasins
  2 human zombies (Vaults:3)
  A black bear (D:12)
  A black bear (shapeshifter) (Vaults:3)
  An eye of draining (D:8)
  4 ice beasts
  52 orc warriors
  3 sky beasts
  5 wasps
  3 eyes of draining (shapeshifter)
  2 phantoms
  19 centaurs
  7 boggarts
  56 ogres
  23 wolves
  An elf skeleton (Vaults:5)
  3 necrophages
  16 crocodiles
  3 big kobolds
  A big kobold (shapeshifter) (Vaults:5)
  A wyvern zombie (D:11)
  26 giant frogs
  7 earth elementals
  A human simulacrum (Vaults:1)
  8 scorpions
  A wyvern skeleton (D:8)
  4 howler monkeys (D:12)
  11 wights
  3 electric eels
  A wasp zombie (D:11)
  15 crimson imps
  2 quasits
  3 giant frog zombies
  2 lava snakes (D:10)
  2 centaur zombies
  3 hounds
  2 jellies
  A giant frog skeleton (D:13)
  38 orc priests
  27 orc wizards
  3 centaur skeletons
  An iron imp (Depths:1)
  9 iguanas
  11 worker ants
  14 sheep
  A killer bee zombie (D:7)
  A hound zombie (D:11)
  A hound skeleton (D:5)
  A worker ant zombie (D:5)
  4 gnolls
  20 adders
  35 river rats
  5 shadow imps
  An ooze (D:4)
  2 adder zombies (D:5)
  An adder skeleton (D:5)
  4 worms
  3 dart slugs
  7 giant geckos
  118 orcs
  6 bats
  3 giant cockroaches
  2 gnoll zombies (D:5)
  12 goblins
  7 hobgoblins
  20 jackals
  13 kobolds
  7 quokkas
  3 ball pythons
  A giant gecko skeleton (D:4)
  2 giant newts
  2 quokka skeletons
  9 rats
  5 fungi
  A plant (D:10)
2616 creatures vanquished.

Vanquished Creatures (collateral kills)
  A hill giant (D:11)
  A torpor snail (Spider:1)
  A yaktaur (Vaults:4)
  A two-headed ogre (D:11)
  2 redbacks (Spider:2)
  A tarantella (Spider:3)
  An ogre (D:4)
  2 orcs (Vaults:4)
10 creatures vanquished.

Vanquished Creatures (others)
  A sphinx (Vaults:5)
  A fire giant (Depths:3)
  A draconian knight (Zot:5)
  A deep elf elementalist (Elf:3)
  A yaktaur captain (Depths:5)
  A juggernaut simulacrum (Depths:3)
  A centaur warrior (Vaults:2)
  A deep elf knight (Elf:1)
  2 deep elf magi
  A cyclops (Vaults:2)
  7 yaktaurs
  An anaconda simulacrum (Depths:3)
  A jumping spider (Spider:1)
  2 redbacks
  An air elemental (Depths:5)
  A wasp (Depths:1)
  2 ogres
  A centaur (Depths:1)
  An orc priest (Vaults:2)
  An orc wizard (Vaults:4)
  A sheep (Shoals:3)
  A hound skeleton (D:7)
  An orc (Vaults:1)
  A bush (Lair:8)
  A butterfly (Lair:6)
  32 fungi
  50 plants
116 creatures vanquished.

Grand Total: 2742 creatures vanquished

Notes
Turn   | Place    | Note
--------------------------------------------------------------
     0 | D:1      | mistymad the Vampire Enchanter began the quest for the Orb.
     0 | D:1      | Reached XP level 1. HP: 13/13 MP: 3/3
   297 | D:1      | Reached XP level 2. HP: 20/20 MP: 5/5
   616 | D:1      | Reached skill level 1 in Fighting
   806 | D:1      | Learned a level 2 spell: Ensorcelled Hibernation
  1007 | D:2      | Reached XP level 3. HP: 26/26 MP: 6/6
  1822 | D:3      | Reached XP level 4. HP: 32/32 MP: 7/7
  1930 | D:3      | Learned a level 3 spell: Confuse
  1934 | D:3      | Reached skill level 5 in Hexes
  2431 | D:3      | Reached skill level 5 in Stealth
  2494 | D:3      | Reached XP level 5. HP: 33/38 MP: 9/9
  2674 | D:3      | Found an ancient bone altar of Kikubaaqudgha.
  2754 | D:3      | Noticed a moth of wrath
  2757 | D:3      | Found a bloodstained altar of Trog.
  3426 | D:4      | Noticed an ogre
  3439 | D:4      | Noticed Sigmund
  3615 | D:3      | Killed an ogre
  3615 | D:3      | Reached XP level 6. HP: 43/46 MP: 2/10
  3734 | D:4      | Learned a level 3 spell: Tukima's Dance
  3961 | D:4      | Killed Sigmund
  3961 | D:4      | Reached skill level 6 in Stealth
  3961 | D:4      | Reached XP level 7. HP: 51/51 MP: 2/12
  4286 | D:4      | Found an oddly glowing altar of Pakellas.
  4674 | D:5      | Entered Level 5 of the Dungeon
  4963 | D:5      | Reached XP level 8. HP: 57/58 MP: 2/14
  5153 | D:5      | Found a basalt altar of Yredelemnul.
  5351 | D:5      | Reached skill level 7 in Stealth
  5524 | D:5      | Found Gebes's Assorted Antiques.
  6609 | D:6      | Reached skill level 5 in Short Blades
  6609 | D:6      | Reached skill level 5 in Dodging
  6630 | D:6      | Noticed Pikel
  6744 | D:6      | Killed Pikel
  6744 | D:6      | Reached skill level 8 in Stealth
  6744 | D:6      | Reached XP level 9. HP: 66/66 MP: 10/16
  7227 | D:7      | Found a radiant altar of Vehumet.
  7249 | D:7      | Reached skill level 5 in Spellcasting
  7787 | D:7      | Found a staircase to the Ecumenical Temple.
  7797 | Temple   | Entered the Ecumenical Temple
  7891 | Temple   | Became a worshipper of Ashenzari the Shackled
  7912 | D:7      | Found a blossoming altar of Fedhas.
  7922 | D:7      | Found an iron altar of Okawaru.
  8335 | D:7      | Reached skill level 5 in Fighting
  8358 | D:8      | Noticed Joseph
  8374 | D:8      | Reached skill level 9 in Stealth
  8601 | D:6      | Found a snail-covered altar of Cheibriados.
  8751 | D:8      | Killed Joseph
  8788 | D:8      | Found a stormy altar of Qazlal.
  8798 | D:8      | Found a glowing golden altar of the Shining One.
  8902 | D:8      | Noticed Prince Ribbit
  8909 | D:8      | Killed Prince Ribbit
  8939 | D:8      | Found Uqon's Book Shoppe.
  9112 | D:8      | Reached XP level 10. HP: 74/74 MP: 5/18
  9234 | D:9      | Found a basalt altar of Yredelemnul.
  9268 | D:9      | Found an opulent altar of Gozag.
  9612 | D:9      | Reached skill level 10 in Stealth
  9783 | D:9      | Reached * piety under Ashenzari
  9978 | D:10     | Entered Level 10 of the Dungeon
 10438 | D:10     | Noticed an unseen horror
 10446 | D:10     | Killed an unseen horror
 10446 | D:10     | Reached skill level 10 in Hexes
 10788 | D:10     | Noticed a hill giant
 11494 | D:11     | Noticed Erica
 11506 | D:11     | Killed Erica
 11506 | D:11     | Reached skill level 11 in Stealth
 11631 | D:11     | Noticed a white ugly thing
 11635 | D:11     | Killed a white ugly thing
 11635 | D:11     | Reached XP level 11. HP: 83/83 MP: 21/21
 11647 | D:11     | Found a sacrificial altar of Ru.
 11680 | D:11     | Noticed Urug
 11708 | D:11     | Killed Urug
 12107 | D:11     | Learned a level 3 spell: Dazzling Spray
 12110 | D:11     | Learned a level 2 spell: Repel Missiles
 12123 | D:11     | Found a staircase to the Orcish Mines.
 12134 | Orc:1    | Entered Level 1 of the Orcish Mines
 12283 | Orc:1    | Noticed an orc knight
 12314 | Orc:1    | Killed an orc knight
 12571 | D:11     | Found a staircase to the Lair.
 12740 | D:11     | Noticed a four-headed hydra
 12759 | D:11     | Killed a four-headed hydra
 12759 | D:11     | Reached skill level 12 in Stealth
 12965 | D:11     | Noticed an unseen horror
 12989 | D:11     | Noticed a hill giant
 12996 | D:11     | Killed a hill giant
 13100 | D:11     | Noticed an unseen horror
 13125 | D:11     | Killed an unseen horror
 13158 | D:11     | Killed an unseen horror
 13187 | D:11     | Noticed a six-headed hydra
 13193 | D:11     | Killed a six-headed hydra
 13238 | D:11     | Noticed a hill giant
 13246 | D:11     | Killed a hill giant
 13254 | Lair:1   | Entered Level 1 of the Lair of Beasts
 13416 | Lair:1   | Reached XP level 12. HP: 91/91 MP: 18/23
 14122 | Lair:2   | Reached ** piety under Ashenzari
 14163 | Lair:2   | Noticed Gastronok
 14202 | Lair:2   | Killed Gastronok
 14202 | Lair:2   | Reached skill level 13 in Stealth
 14838 | Lair:2   | Identified Plog's Incunabulum of Creation and Air
 15178 | Lair:3   | Noticed a six-headed hydra
 15186 | Lair:3   | Killed a six-headed hydra
 15300 | Lair:3   | Learned a level 2 spell: Cure Poison
 15306 | Lair:3   | Learned a level 5 spell: Silence
 16054 | Lair:4   | Noticed a seven-headed hydra
 16073 | Lair:4   | Killed a seven-headed hydra
 16103 | Lair:4   | Reached skill level 10 in Short Blades
 16415 | Lair:4   | Reached skill level 1 in Charms
 16820 | Lair:5   | Reached *** piety under Ashenzari
 17276 | Lair:5   | Found a hole to the Spider Nest.
 17288 | Lair:5   | Reached XP level 13. HP: 100/100 MP: 22/25
 17763 | Lair:5   | Noticed Snorg
 17781 | Lair:5   | Killed Snorg
 17808 | Lair:5   | Reached skill level 10 in Dodging
 18803 | Lair:6   | Reached skill level 14 in Stealth
 19388 | Lair:6   | Noticed Maud
 19693 | Lair:6   | Killed Maud
 19771 | Lair:6   | Found a staircase to the Shoals.
 19912 | Lair:6   | Reached skill level 10 in Fighting
 20771 | Lair:7   | Reached **** piety under Ashenzari
 20780 | Lair:7   | Reached skill level 5 in Charms
 20791 | Lair:7   | Reached XP level 14. HP: 110/110 MP: 21/27
 22289 | Lair:8   | Entered Level 8 of the Lair of Beasts
 23178 | Lair:8   | Reached skill level 15 in Stealth
 24313 | Lair:8   | Found a viscous altar of Jiyva.
 24313 | Lair:8   | Found a staircase to the Slime Pits.
 25410 | Lair:7   | Reached skill level 10 in Spellcasting
 26653 | Orc:2    | Entered Level 2 of the Orcish Mines
 26836 | Orc:1    | Reached XP level 15. HP: 58/119 MP: 8/29
 27300 | Orc:1    | Reached skill level 15 in Hexes
 27770 | Orc:2    | Noticed Maurice
 27785 | Orc:2    | Killed Maurice
 28038 | Orc:2    | Found a staircase to the Elven Halls.
 28273 | Orc:2    | Found Kamiack's Distillery.
 28666 | Orc:2    | Found Ygoabof's Distillery.
 28955 | Orc:2    | Bought a potion of agility for 64 gold pieces
 28955 | Orc:2    | Bought a potion of brilliance for 64 gold pieces
 28955 | Orc:2    | Bought a potion of haste for 160 gold pieces
 29433 | Orc:2    | Reached skill level 16 in Stealth
 30724 | D:13     | Found a sparkling altar of Nemelex Xobeh.
 31960 | D:13     | Found a gate to the Vaults.
 32345 | D:11     | Identified the +7 chain mail of Gallantry {+Inv rElec Int+2} (You found it on level 8 of the Lair of Beasts)
 32440 | D:8      | Bought a book of Frost for 490 gold pieces
 32444 | D:8      | Learned a level 3 spell: Ozocubu's Armour
 33201 | Orc:1    | Noticed Geppetto's ghost (journeyman FoAK)
 33598 | Orc:1    | Killed Geppetto's ghost
 34179 | Spider:1 | Entered Level 1 of the Spider Nest
 34819 | Spider:1 | Reached XP level 16. HP: 125/129 MP: 25/30
 35176 | Spider:1 | Noticed Donald
 35196 | Spider:1 | Killed Donald
 35196 | Spider:1 | Reached skill level 1 in Poison Magic
 37948 | Spider:3 | Reached skill level 17 in Stealth
 38615 | D:5      | Bought a scroll of identify for 48 gold pieces
 38922 | Shoals:1 | Entered Level 1 of the Shoals
 38988 | Shoals:1 | Found Epibyja's Antique Armour Shoppe.
 39034 | Shoals:1 | Bought a jewelled cloak for 247 gold pieces
 39034 | Shoals:1 | Identified the +4 cloak "Estuaqek" {Int+4} (You bought it in a shop on level 1 of the Shoals)
 40666 | Shoals:2 | Noticed Polyphemus
 40687 | Shoals:1 | Reached XP level 17. HP: 111/137 MP: 26/32
 41163 | Shoals:2 | Killed Polyphemus
 41430 | Shoals:2 | Reached ***** piety under Ashenzari
 42065 | Shoals:3 | Noticed Nikola
 42108 | Shoals:2 | Killed Nikola
 42108 | Shoals:2 | Reached skill level 1 in Evocations
 43059 | Shoals:4 | Entered Level 4 of the Shoals
 43247 | Shoals:4 | Reached skill level 18 in Stealth
 43883 | Shoals:4 | Noticed Ilsuiw
 43921 | Shoals:4 | Killed Ilsuiw
 44138 | Shoals:4 | Reached skill level 10 in Charms
 44149 | Shoals:4 | Got a barnacled rune of Zot
 45200 | Shoals:4 | Reached XP level 18. HP: 134/147 MP: 14/33
 46613 | Spider:4 | Entered Level 4 of the Spider Nest
 47056 | Spider:4 | Noticed Arachne
 47173 | Spider:3 | Killed Arachne
 47959 | Spider:4 | Reached skill level 15 in Fighting
 48556 | Spider:4 | Got a gossamer rune of Zot
 48608 | Spider:4 | Reached skill level 19 in Stealth
 49304 | Orc:2    | Found Bigom's Gadget Shop.
 49304 | Orc:2    | Found a one-way gate leading to the halls of Pandemonium.
 49304 | Orc:2    | Found Ykliman's Antique Weapon Boutique.
 49323 | Orc:2    | Bought a glowing quick blade for 390 gold pieces
 49425 | Elf:1    | Entered Level 1 of the Elven Halls
 50228 | Elf:1    | Found Liloemi's Antique Weapon Shop.
 50342 | Elf:1    | Reached XP level 19. HP: 149/155 MP: 12/35
 50356 | Elf:1    | Reached skill level 5 in Evocations
 50678 | Elf:1    | Identified Asmodeus's Catalogue of the Escort
 52442 | Elf:3    | Entered Level 3 of the Elven Halls
 52954 | Elf:3    | Found Biecs's Book Emporium.
 52956 | Elf:3    | Found Ihier's Weapon Boutique.
 52979 | Elf:3    | Found Xoriaw's General Store.
 53925 | Elf:3    | Identified a scroll of acquirement
 54008 | Elf:3    | Bought a scroll of remove curse for 42 gold pieces
 54682 | Elf:3    | Identified the amulet of Samif {Spirit Int+4 Stlth+} (You took it off a deep elf high priest on level 3 of the Elven Halls)
 55946 | Elf:3    | Reached skill level 20 in Stealth
 56024 | Elf:3    | Reached XP level 20. HP: 83/164 MP: 33/36
 56997 | Elf:3    | Learned a level 6 spell: Invisibility
 57008 | Elf:3    | Learned a level 4 spell: Summon Lightning Spire
 57022 | Elf:3    | Identified the cursed +3 trident "Ceacig" {pierce, rElec rF+ Int-2}
 57120 | Elf:3    | Learned a level 6 spell: Darkness
 57383 | Elf:3    | Identified the +8 flail of Ehiengim {crush, +Inv rC- rN+++ SInv} (You took it off a deep elf knight on level 1 of the Elven Halls)
 57383 | Elf:3    | Identified the +7 falchion of Indignation {venom, *Rage rPois rC+ Dex+2} (You took it off a deep elf demonologist on level 3 of the Elven Halls)
 57383 | Elf:3    | Identified the +7 flail of the Coward {crush, rC+} (You found it on level 4 of the Shoals)
 57523 | Elf:2    | Found a huge runed gate.
 57525 | Elf:2    | Found a huge runed gate.
 57525 | Elf:2    | Found a huge runed gate.
 57526 | Elf:2    | Found a huge runed gate.
 57526 | Elf:2    | Found a huge runed gate.
 57784 | Elf:2    | Reached skill level 1 in Air Magic
 58172 | Elf:1    | Identified the +8 flail of Ehiengim {crush, +Inv rC- rN+++ SInv} (You took it off a deep elf knight on level 1 of the Elven Halls)
 58251 | Orc:2    | Bought a wand of heal wounds (5/9) for 648 gold pieces
 58253 | Orc:2    | Identified the cursed +8 chain mail of Pan-Flutes {MP+9} (You acquired it on level 2 of the Orcish Mines)
 58315 | Orc:2    | Reached skill level 1 in Shields
 58470 | Vaults:1 | Entered Level 1 of the Vaults
 58474 | D:13     | Reached skill level 1 in Summonings
 58695 | Vaults:1 | Noticed Saint Roka
 58716 | Vaults:1 | Killed Saint Roka
 59004 | Vaults:1 | Found Asapnira's Jewellery Shoppe.
 59007 | Vaults:1 | Found Lastrilih's Book Emporium.
 59017 | Vaults:1 | Bought the brooch of Shielding {Reflect SH+8} for 576 gold pieces
 59144 | Vaults:1 | Noticed tstbtto's ghost (adept GrBe)
 59157 | Vaults:1 | Killed tstbtto's ghost
 59227 | Vaults:1 | Found Jaunous's Armour Shop.
 59315 | Vaults:1 | Found Vaixzuff's Book Boutique.
 59352 | Vaults:1 | Noticed Asterion
 59355 | Vaults:1 | Killed Asterion
 59827 | Vaults:1 | Found Upema's Armour Shoppe.
 59885 | Vaults:1 | Learned a level 3 spell: Regeneration
 60267 | Vaults:2 | Reached ****** piety under Ashenzari
 60969 | Vaults:2 | Reached skill level 15 in Dodging
 60970 | Vaults:2 | Found a staircase to the Crypt.
 61241 | Vaults:2 | Reached XP level 21. HP: 162/173 MP: 25/38
 61332 | Vaults:2 | Reached skill level 21 in Stealth
 62558 | Vaults:3 | Reached skill level 5 in Air Magic
 62571 | Vaults:3 | Found Lizept's General Store.
 62607 | Vaults:3 | Bought a scroll of remove curse for 45 gold pieces
 62607 | Vaults:3 | Bought a scroll of enchant weapon for 112 gold pieces
 62986 | Vaults:3 | Reached skill level 5 in Summonings
 63475 | Vaults:3 | Reached skill level 5 in Shields
 64674 | Vaults:4 | Reached XP level 22. HP: 161/182 MP: 19/39
 64888 | Vaults:4 | Noticed Mennas
 65280 | Vaults:4 | Found a blossoming altar of Fedhas.
 65504 | Vaults:5 | Entered Level 5 of the Vaults
 65504 | Vaults:5 | Identified the +0 pair of boots of Disappointment {MR+}
 65504 | Vaults:5 | Noticed Mara
 65743 | Vaults:4 | Reached skill level 22 in Stealth
 66100 | Vaults:5 | Noticed a golden dragon
 66117 | Vaults:5 | Noticed mistymad's illusion
 66120 | Vaults:5 | Killed Mara
 66148 | Vaults:4 | Killed a golden dragon
 66951 | Vaults:5 | Found Lick's Food Shoppe.
 67316 | Vaults:5 | Found Timpav's Distillery.
 67597 | Vaults:5 | Found Zisa's Distillery.
 67617 | Vaults:5 | Bought a potion of haste for 160 gold pieces
 67617 | Vaults:5 | Bought a potion of haste for 160 gold pieces
 67617 | Vaults:5 | Bought a potion of curing for 48 gold pieces
 68624 | Vaults:5 | Got a silver rune of Zot
 68859 | Vaults:5 | Reached XP level 23. HP: 182/190 MP: 40/40
 68971 | Vaults:5 | Identified the +4 dagger of Dynaozuh {venom, *Rage Str+4 Dex+2} (You took it off a yaktaur on level 5 of the Vaults)
 69069 | Vaults:5 | Learned a level 2 spell: Blink
 69074 | Vaults:5 | Learned a level 4 spell: Passage of Golubria
 69497 | Vaults:5 | Reached skill level 1 in Necromancy
 69561 | Vaults:5 | Reached skill level 1 in Translocations
 69928 | Vaults:5 | Reached skill level 10 in Evocations
 70486 | Vaults:5 | Found Boemahad's Antique Weapon Boutique.
 70917 | D:14     | Identified the +9 scythe of Instinct {freeze, +Blink Int-5 Dex+3}
 71381 | D:14     | Found Emocw's Antique Armour Boutique.
 71632 | D:15     | Entered Level 15 of the Dungeon
 71660 | D:15     | Found a staircase to the Depths.
 71860 | D:15     | Found a deep blue altar of Sif Muna.
 72232 | Depths:1 | Entered Level 1 of the Depths
 72459 | Depths:1 | Found a gateway to a ziggurat.
 72590 | Depths:1 | Found a gateway to Hell.
 72862 | Depths:1 | Found a one-way gate to the infinite horrors of the Abyss.
 72945 | Depths:1 | Found Radurr's Elemental Accessories.
 72945 | Depths:1 | Noticed the Enchantress
 73008 | Depths:1 | Killed the Enchantress
 73008 | Depths:1 | Identified the +1 faerie dragon armour {+Fly rF+ Clar} (You took it off the Enchantress on level 1 of the Depths)
 73878 | Depths:2 | Reached skill level 23 in Stealth
 75019 | Depths:2 | Reached skill level 5 in Necromancy
 75019 | Depths:2 | Reached XP level 24. HP: 181/199 MP: 25/41
 75998 | Depths:3 | Learned a level 2 spell: Shroud of Golubria
 76136 | Depths:3 | Noticed Sojobo
 76202 | Depths:3 | Killed Sojobo
 78103 | Depths:3 | Reached skill level 1 in Throwing
 78532 | Depths:4 | Reached skill level 5 in Translocations
 78917 | Depths:4 | Reached skill level 24 in Stealth
 79019 | Depths:4 | Reached XP level 25. HP: 169/208 MP: 40/41
 80081 | Depths:4 | Found a gateway to a bazaar.
 80363 | Lair:1   | Learned a level 2 spell: Passwall
 80840 | Depths:5 | Entered Level 5 of the Depths
 80980 | Depths:5 | Found a gate to the Realm of Zot.
 81925 | Depths:5 | Reached skill level 15 in Spellcasting
 82222 | Depths:5 | Noticed a juggernaut
 82294 | Depths:5 | Killed a juggernaut
 84291 | Depths:5 | Reached skill level 10 in Shields
 84326 | Depths:5 | Found a deep blue altar of Sif Muna.
 84747 | Zot:1    | Entered Level 1 of the Realm of Zot
 85744 | Zot:1    | Reached XP level 26. HP: 184/218 MP: 36/42
 86283 | Zot:1    | Reached skill level 5 in Throwing
 86653 | Zot:2    | Identified the cursed +1 leather armour of Knowledge {Int+5 Slay+2 SInv}
 86802 | Zot:2    | Upgraded the game from 0.19-a0-526-gbe2e51c to 0.19-a0-559-ga3d69d0
 89648 | Zot:4    | Found Kiedgh's Changing Room.
 89697 | Zot:4    | Bought a potion of beneficial mutation for 735 gold pieces
 89697 | Zot:4    | Bought a potion of beneficial mutation for 735 gold pieces
 89697 | Zot:4    | Bought a potion of cure mutation for 525 gold pieces
 91219 | Zot:5    | Entered Level 5 of the Realm of Zot
 91266 | Zot:5    | Noticed an orb of fire
 91308 | Zot:5    | Reached XP level 27. HP: 228/228 MP: 27/42
 91561 | Zot:5    | Noticed an ancient lich
 91565 | Zot:5    | Killed an ancient lich
 91574 | Zot:5    | Noticed an ancient lich
 91579 | Zot:5    | Killed an ancient lich
 91600 | Zot:5    | Noticed an orb of fire
 92009 | Zot:5    | Noticed an ancient lich
 92056 | Zot:5    | Killed an ancient lich
 93325 | Zot:5    | Noticed an orb of fire
 93379 | Zot:5    | Gained mutation: You are frail. (-10% HP) [an orb of fire]
 93388 | Zot:5    | Gained mutation: You are dopey. (Int -2) [an orb of fire]
 93401 | Zot:5    | Gained mutation: Your spells are a little easier to cast, but a little less powerful. [an orb of fire]
 93405 | Zot:5    | Gained mutation: Your body sometimes deteriorates upon taking damage. [an orb of fire]
 93410 | Zot:5    | Gained mutation: You are weak. (Str -2) [an orb of fire]
 93428 | Zot:5    | Gained mutation: Armour fits poorly on your strangely shaped body. [an orb of fire]
 93430 | Zot:5    | Gained mutation: Your magical capacity is low. (-10% MP) [an orb of fire]
 93450 | Zot:5    | Noticed an orb of fire
 93461 | Zot:5    | Gained mutation: Potions and wands are less effective at restoring your health. [an orb of fire]
 93464 | Zot:5    | Gained mutation: Your magical capacity is very low. (-20% MP) [an orb of fire]
 93473 | Zot:5    | Got the Orb of Zot
 93476 | Zot:5    | HP: 5/207 [Orb Guardian (31)]
 93477 | Zot:5    | Annihilated by an Orb Guardian

Vault maps used:
D:1:      minmay_arrival_hallway, hex_tiny
D:2:      first_bread
D:3:      tgw_trog, marbit_many_paths
D:4:      grunt_pakellas_mercury, uniq_sigmund
D:5:      lemuel_zombie_altar_yredelemnul, serial_shops, shop,
          nicolae_ossuary_entry_plus, serial_bayou_lake_a
D:6:      nicolae_overflow_hidden_temple, due_unseen_surprise, uniq_pikel
D:7:      fiery_altar_vehumet, okawaru_metal_pillars_3, temple_statues,
          fedhas_altar_2
D:8:      minitemple, serial_shops, kennysheep_mini_moat, uniq_prince_ribbit1,
          uniq_joseph
D:9:      grunt_gozag_statues, basic_altar, hangedman_pestilent_swarm,
          serial_bayou_pond_b
D:10:     wad_woods_minihive, kennysheep_boxes
D:11:     lair_0_dummy, david_orc_4, nicolae_ru_sacrificial_ziggurat,
          uniq_erica, uniq_urug
D:13:     grunt_vaults_entry_tiered, nemelex_deck
D:14:     nrook_pool_corridor, serial_shops, nicolae_shop_overgrown_old_shop
D:15:     grunt_enter_depths_hoard, columned_hall_lemuel,
          hangedman_decor_lopped, lemuel_oklob_altar
Temple:   circular_temple_12
Lair:1:   serial_bayou_shore_a
Lair:2:   statuecave_lemuel, uniq_gastronok
Lair:3:   nicolae_quartered_pool_super, lemuel_fruit_fields
Lair:4:   grunt_forest_stairs_basic
Lair:5:   nicolae_spider_entry_tight_spaces, uniq_snorg
Lair:6:   elwin_shoals_entry_rocks, lookout_lair_type, serial_bayou_pond_b,
          uniq_maud
Lair:7:   minmay_lair_oklob_chamber, cheibrodos_lair_reptile_den
Lair:8:   grunt_lair_end_beastmaster, slime_altar_1
Shoals:1: serial_shops, nicolae_shop_overgrown_old_shop, st_cyclops
Shoals:2: uniq_polyphemus
Shoals:3: nicolae_shoals_hunting_party, uniq_nikola
Shoals:4: shoals_end_simple, shoals_ilsuiw_alternative
Spider:1: guppyfry_wasp_nest, uniq_donald
Spider:4: grunt_spider_rune_circles, hangedman_spider_mandibles, uniq_arachne
Orc:2:    pf_orc_diabolical, uniq_maurice
Elf:1:    elf_arrival_001, serial_shops, nicolae_shop_window_shopping,
          minmay_elf_demonology, solitary_fountain, hangedman_elf_disciples
Elf:3:    minmay_elf_hall_four_x, serial_shops, nicolae_shop_statue_plus, shop,
          shop, minivault_25
Vaults:1: nicolae_vaults_stairing_the_circle, hangedman_vaults_cutoff,
          nicolae_vaults_three_branches, v_misc_5,
          ontoclasm_vaults_decontamination, vaults_room_grunt_arrival_ludios,
          nicolae_vaults_mini_display_case, serial_shops,
          nicolae_shop_behind_doors, nicolae_shop_statue_plus,
          nicolae_shop_statue_plus, shop, shop, uniq_saint_roka, uniq_asterion
Vaults:2: v_pattern_1, hangedman_vaults_stitches, vaults_room_guarded_vault,
          vaults_room_semicircle, vaults_room_ringed_pool,
          nicolae_vaults_diagonal_hallway_6, hangedman_vaults_cutoff, v_misc_27,
          vaults_room_corners, minmay_crypt_entry_simple_box
Vaults:3: v_misc_13, v_rooms_1, nicolae_vaults_angled_halls, v_misc_12,
          grunt_vaults_trifunnel, vaults_standard_mumra_enter_the_diamond,
          vaults_dpeg_encased_lava, nicolae_vaults_diagonal_hallway_7,
          vaults_room_door_hall, nicolae_vaults_sealed_display,
          nicolae_vaults_little_ls, nicolae_vaults_asterisk,
          nicolae_vaults_back_hallway, ontoclasm_vaults_bender, serial_shops,
          shop
Vaults:4: v_misc_24, hangedman_vaults_nails, hangedman_vaults_trim,
          v_alt_pattern_2, v_misc_14, hangedman_vaults_pinch, v_misc_22,
          nicolae_vaults_little_squares_3, v_alt_pattern_4,
          nicolae_vaults_diagonal_hallway_7, v_misc_26, vaults_room_hallway,
          nicolae_vaults_what_the_h, nicolae_vaults_little_squares_4,
          basic_altar, uniq_mennas
Vaults:5: serial_shops, uniq_mara
Depths:1: enter_ziggurat_c, grunt_hell_entry_dis_grunt, nrook_uturn,
          abyss_entry, rand_demon_pan_entry_3, nicolae_two_hexagons,
          nicolae_elemental_shop, uniq_enchantress
Depths:2: mu_elemental_laboratory, hangedman_abyss_or_decor_slice, hell_entry,
          minmay_staircase_statues_hall_small
Depths:3: hangedman_crystal_crosses_colossus, hell_entry, pan_entry,
          abyss_entry, uniq_sojobo
Depths:4: grunt_x_marks_the_spot, minmay_stone_trees_small, serial_shops,
          statue_bzr, abyss_entry_small_statue_room, pf_coc_iceberg,
          infiniplex_staircase_door_maze
Depths:5: evilmike_zot_entry_round, hangedman_abyss_or_decor_stagger,
          pf_dread_powers_of_hell, hangedman_summoners_spam,
          serial_bayou_shore_b, grunt_megastairs_2
Zot:2:    hangedman_zot_decor_scrapings
Zot:3:    lemuel_elevator
Zot:4:    nicolae_transmutations_shop

Skill      XL: |  1  2  3  4  5  6  7  8  9 10 11 12 13 14 15 16 17 18 19 20 21 22 23 24 25 26 27 |
---------------+----------------------------------------------------------------------------------+-----
Fighting       | 1 2 3 4 5 6 7 8 10 11 12 13 14 15 16 17 18 19 20 21 | 21.8
Short Blades   | 2 3 4 5 6 7 9 10 11 12 13 14 | 14.0
Hexes          | 5 6 8 9 10 11 13 14 15 16 17 18 19 20 | 20.6
Stealth        | 5 6 8 9 11 12 13 14 15 16 17 18 19 20 21 22 23 24 | 24.8
Dodging        | 3 4 5 6 7 8 9 10 11 12 13 14 15 16 17 18 19 | 19.3
Spellcasting   | 3 4 5 7 8 9 10 11 12 13 14 15 | 15.1
Charms         | 2 5 6 7 9 10 11 | 11.8
Poison Magic   | 3 4 |  4.1
Evocations     | 3 4 6 7 8 9 10 11 12 13 | 13.8
Air Magic      | 3 6 7 |  7.9
Shields        | 3 5 6 8 9 10 11 12 | 12.3
Summonings     | 3 5 7 |  7.3
Necromancy     | 5 |  5.0
Translocations | 3 5 6 |  6.3
Throwing       | 2 4 7 8 |  8.3

Action                   |  1- 3 |  4- 6 |  7- 9 | 10-12 | 13-15 | 16-18 | 19-21 | 22-24 | 25-27 || total
-------------------------+-------+-------+-------+-------+-------+-------+-------+-------+-------++-------
Melee: Dagger            |   178 |   168 |   484 |   948 |  1840 |   540 |       |       |       ||  4158
       Bite              |    16 |    20 |    54 |    96 |   210 |   143 |   355 |   494 |   492 ||  1880
       Unarmed           |       |       |       |       |     2 |       |       |       |       ||     2
       Rapier            |       |       |       |       |       |   669 |       |       |       ||   669
       Quick blade       |       |       |       |       |       |   116 |  2621 |  3077 |  2834 ||  8648
Throw: Throwing net      |       |       |       |       |       |       |       |       |    20 ||    20
 Cast: Corona            |     7 |       |       |       |       |       |       |       |       ||     7
       Ensorcelled Hiber |     4 |    17 |    24 |   107 |   217 |   332 |    23 |    74 |     7 ||   805
       Confuse           |       |    13 |    64 |    84 |   237 |   251 |   101 |   202 |   186 ||  1138
       Tukima's Dance    |       |     1 |       |     4 |     6 |     7 |       |       |       ||    18
       Repel Missiles    |       |       |       |     1 |     1 |     8 |     7 |     3 |     5 ||    25
       Dazzling Spray    |       |       |       |       |   146 |   131 |   111 |    39 |     6 ||   433
       Ozocubu's Armour  |       |       |       |       |     1 |    31 |    32 |    41 |    38 ||   143
       Cure Poison       |       |       |       |       |     1 |    11 |     7 |       |     6 ||    25
       Invisibility      |       |       |       |       |       |       |     9 |     2 |     1 ||    12
       Regeneration      |       |       |       |       |       |       |     8 |    42 |    48 ||    98
       Summon Lightning  |       |       |       |       |       |       |     2 |     7 |       ||     9
       Darkness          |       |       |       |       |       |       |       |    10 |     6 ||    16
       Shroud of Golubri |       |       |       |       |       |       |       |     5 |    10 ||    15
       Blink             |       |       |       |       |       |       |       |     1 |    11 ||    12
Invok: Curse Item        |       |       |       |       |     3 |       |     5 |     4 |     2 ||    14
       Scrying           |       |       |       |       |       |       |     1 |     4 |       ||     5
 Abil: End Transformatio |       |       |       |     1 |     7 |       |       |     3 |       ||    11
       Bat Form          |       |       |       |     1 |     7 |       |       |     3 |       ||    11
       Stop Flying       |       |       |       |       |       |     3 |       |       |       ||     3
       Evoke Flight      |       |       |       |       |       |     2 |       |       |       ||     2
Evoke: Wand              |       |       |       |     2 |     2 |     2 |     6 |    13 |    14 ||    39
       Lamp of fire      |       |       |       |       |       |       |       |     2 |     1 ||     3
       Sack of spiders   |       |       |       |       |       |       |       |       |     3 ||     3
       Phantom mirror    |       |       |       |       |       |       |       |       |     2 ||     2
  Use: Potion            |       |     3 |     9 |     3 |    24 |    30 |    25 |    22 |    25 ||   141
       Scroll            |       |       |       |     7 |    18 |    15 |     6 |     9 |    20 ||    75
 Stab: Sleeping          |    16 |    14 |    34 |   112 |   193 |   202 |    91 |    77 |    58 ||   797
       Confused          |       |     6 |    35 |    64 |   161 |   162 |    66 |    98 |   133 ||   725
       Invisible         |       |       |       |       |    48 |    66 |   128 |    27 |     1 ||   270
       Distracted        |       |       |       |       |     8 |     7 |     8 |    23 |     6 ||    52
       Petrified         |       |       |       |       |       |     3 |       |       |       ||     3
       Paralysed         |       |       |       |       |       |       |       |       |     1 ||     1
       Held in net/web   |       |       |       |       |       |       |       |       |     5 ||     5
Armor: Robe              |    52 |    42 |    74 |   140 |   301 |   368 |   193 |   231 |   280 ||  1681
       Mottled dragon ar |       |       |       |       |       |       |       |     3 |       ||     3
Dodge: Dodged            |   113 |   115 |   239 |   477 |  1305 |  1543 |  1037 |   986 |  1308 ||  7123
       Deflected         |       |       |       |       |     6 |    45 |    39 |    27 |    10 ||   127
Block: Buckler           |       |       |       |       |       |       |   431 |  1092 |  1280 ||  2803
       Reflection        |       |       |       |       |       |       |    24 |    54 |    23 ||   101
